 Dungeon Crawl Stone Soup version 0.29-a0-275-g389c0b56f3 (webtiles) character file.

Game seed: 16261841435412587028

2111 pokeman the Thaumaturge (level 9, 0/48 HPs)
             Began as a Deep Elf Hedge Wizard on Mar 12, 2022.
             Was a Follower of Vehumet.
             Slain by a vampire (11 damage)
             ... on level 6 of the Dungeon.
             The game lasted 00:17:54 (8293 turns).

pokeman the Thaumaturge (Deep Elf Hedge Wizard)     Turns: 8293, Time: 00:17:55

Health: 0/48       AC:  3    Str:  7    XL:     9   Next: 7%
Magic:  34/34      EV: 12    Int: 24    God:    Vehumet [*.....]
Gold:   282        SH:  5    Dex: 14    Spells: 18/29 levels left

rFire   . . .      SeeInvis .   A - +0 shortbow
rCold   + . .      Faith    .   (shield currently unavailable)
rNeg    . . .      Spirit   .   g - +0 leather armour
rPois   .          Reflect  +   c - +0 hat
rElec   .          Harm     .   (no cloak)
rCorr   .          Rampage  .   (no gloves)
Will    .....                   (no boots)
Stlth   ++........              v - amulet of reflection
HPRegen 0.16/turn               p - ring of magical power
MPRegen 0.24/turn               u - ring of Cilyrav {Wiz rC+}

@: no status effects
A: no striking features
a: Renounce Religion


You were on level 6 of the Dungeon.
You worshipped Vehumet.
Vehumet was aware of your devotion.
You visited 2 branches of the dungeon, and saw 7 of its levels.

You collected 282 gold pieces.

Inventory:

Hand Weapons
 i - a +1 whip of electrocution
 s - a +2 spear of venom
 A - a +0 shortbow (weapon)
Armour
 c - a +0 hat (worn)
 g - a +0 leather armour (worn)
Jewellery
 p - a ring of magical power (left hand)
 u - the ring of Cilyrav (right hand) {Wiz rC+}
   (You took it off an orc on level 5 of the Dungeon)

   [ring of wizardry]

   It improves your spell success rate.
   rC:        It protects you from cold.
 v - an amulet of reflection (around neck)
Wands
 k - a wand of digging (4)
Scrolls
 b - 2 scrolls of enchant weapon {unknown}
 h - 2 scrolls of fog {unknown}
 j - 5 scrolls of identify {unknown}
 l - a scroll of enchant armour {unknown}
 m - a scroll of acquirement {unknown}
 q - 2 scrolls of holy word {unknown}
 r - a scroll of amnesia {unknown}
 t - a scroll of noise {unknown}
 x - a scroll of blinking {unknown}
 y - a scroll of teleportation {unknown}
 z - a scroll of magic mapping {unknown}
Potions
 a - a potion of curing
 d - a potion of magic
 e - a potion of flight {unknown}
 f - 2 potions of degeneration {unknown}
 n - a potion of attraction {unknown}
 o - 3 potions of might {unknown}
 w - 2 potions of ambrosia {unknown}


   Skills:
 + Level 2.0 Fighting
 - Level 3.0 Armour
 - Level 3.1 Dodging
 - Level 3.2 Stealth
 * Level 10.9 Spellcasting
 + Level 5.8 Conjurations
 - Level 1.1 Summonings
 - Level 1.1 Translocations
 + Level 4.2 Fire Magic
 - Level 2.1 Air Magic
 - Level 1.1 Poison Magic
 - Level 1.1 Evocations


You had 18 spell levels left.
You knew the following spells:

 Your Spells              Type           Power      Damage    Failure   Level
a - Magic Dart            Conj           100%       1d8       1%          1
b - Mephitic Cloud        Conj/Pois/Air  27%        N/A       2%          3
c - Call Imp              Summ           18%        N/A       2%          2
d - Blink                 Tloc           36%        N/A       2%          2
e - Conjure Flame         Conj/Fire      37%        6-21      1%          3

Your spell library contained the following spells:

 Spells                   Type           Power      Damage    Failure   Level
 Sandblast                Erth           26%        2d8       2%          1
 Slow                     Hex            52%        N/A       2%          1
 Sting                    Tmut/Pois      60%        1d6       2%          1
 Sublimation of Blood     Necr           13%        N/A       4%          2
 Wereblood                Tmut           13%        N/A       4%          2
 Gell's Gravitas          Tloc           18%        N/A       5%          3
 Lesser Beckoning         Tloc           18%        N/A       5%          3
 Teleport Other           Tloc           18%        N/A       5%          3
 Irradiate                Conj/Tmut      13%        3d18      24%         5
 Yara's Violent Unravell  Hex/Tmut       6%         3d5       58%         5
 Statue Form              Tmut/Erth      8%         N/A       98%         6
 Summon Hydra             Summ           9%         N/A       100%        7


Dungeon Overview and Level Annotations

Branches:
Dungeon (6/15)             Temple (1/1) D:4

Altars:
Cheibriados
Dithmenos
Elyvilon
Fedhas
Kikubaaqudgha
Makhleb
Nemelex Xobeh
Okawaru
Ru
Sif Muna
Vehumet
Wu Jian
Yredelemnul
Zin


Message History

Shoot: A) +0 shortbow
Press: ? - help, Q - select action, (/) - cycle Shift-Dir - straight line, f/p - vampire
Aim: a vampire (severely damaged, 59% to hit)
You shoot an arrow. The arrow closely misses the vampire.
Shoot: A) +0 shortbow
Press: ? - help, Q - select action, (/) - cycle Shift-Dir - straight line, f/p - vampire
Aim: a vampire (severely damaged, 59% to hit)
You shoot an arrow. The arrow hits the vampire.
The vampire is severely damaged.
The vampire gestures at you while chanting.
You are confused.
Non-targeted confused shoot: A) +0 shortbow
Press: ? - help, Q - select action, (/) - cycle Dir - look around, f - activate Look: a vampire (severely damaged)
You shoot an arrow.
Non-targeted confused shoot: A) +0 shortbow
Press: ? - help, Q - select action, (/) - cycle Dir - look around, f - activate Look: a vampire (severely damaged)
You shoot an arrow. The vampire casts a spell at you.
You are more confused.
There is a stone staircase leading up here.
You're too confused to move!
You bump into the rock wall.
The vampire mumbles some strange words.
The vampire flickers and vanishes!
Deactivating autopickup; reactivate with Ctrl-A.
You bump into the rock wall.
Something hits you. Something bites you.
Something draws strength from your injuries!
You bump into the rock wall.
Something hits you! Something bites you!
Something draws strength from your injuries!
You bump into the rock wall.
Something completely misses you. Something bites you!
* * * LOW HITPOINT WARNING * * *
Something draws strength from your injuries!
You bump into the rock wall.
You feel less confused. You block something's attack. Something bites you!
You die...

....#^^^ #........#
....#O#Y# #.#......#
....#######)#......#####.
#...........#............
#........#..##'#<#.#####.
##'#.....#..##V#.#.#
##.#.###.#..##.#.#.#
##.#.###.#..##.#{#.#
.........#.V...#@#.#
#.......#..#####.#.#
#..........# #.#.#
#.......#..#####.#
........#.....##.#
.#+#..........##.#
.#.#.....P.....#.#
.........≈≈P...#.#
.......≈≈.≈.≈#.#.#


There were no monsters in sight!

Vanquished Creatures
  A water moccasin (D:4)
  Duvessa (D:5)
  An ice beast (D:5)
  A sky beast (D:6)
  2 ogres
  A centaur (D:6)
  A phantom (D:6)
  A kobold brigand (D:6)
  A bullfrog (D:6)
  2 necrophages
  2 scorpions (D:4)
  A gnoll sergeant (D:6)
  Dowan (D:5)
  3 electric eels (D:6)
  3 howler monkeys
  3 hounds
  4 jellies
  2 orc priests
  A gnoll shaman (D:5)
  2 iguanas
  3 orc wizards
  9 gnolls
  4 adders
  3 ufetubi
  A worm (D:2)
  2 dart slugs
  15 orcs
  6 ball pythons
  6 bats
  6 endoplasms
  A giant cockroach (D:4)
  5 hobgoblins
  8 jackals
  5 quokkas
  A frilled lizard (D:1)
  8 goblins
  7 kobolds
  11 rats
135 creatures vanquished.

Vanquished Creatures (collateral kills)
  3 gnolls
  An ufetubus (D:5)
4 creatures vanquished.

Vanquished Creatures (others)
  34 plants (D:6)
34 creatures vanquished.

Grand Total: 173 creatures vanquished

Notes
Turn   | Place    | Note
-------+----------+-------------------------------------------
     0 | D:1      | pokeman the Deep Elf Hedge Wizard began the quest for the
                  | Orb.
     0 | D:1      | Reached XP level 1. HP: 10/10 MP: 7/7
   316 | D:1      | Reached XP level 2. HP: 16/16 MP: 3/9
  1018 | D:1      | Reached skill level 5 in Spellcasting
  1297 | D:2      | Reached XP level 3. HP: 20/20 MP: 8/11
  1312 | D:2      | Learned a level 3 spell: Mephitic Cloud
  1315 | D:2      | Learned a level 2 spell: Call Imp
  1318 | D:2      | Learned a level 2 spell: Blink
  1322 | D:2      | Learned a level 3 spell: Conjure Flame
  2361 | D:3      | Reached skill level 1 in Fighting
  2361 | D:3      | Reached skill level 1 in Armour
  2361 | D:3      | Reached XP level 4. HP: 10/25 MP: 8/13
  2939 | D:3      | Reached skill level 6 in Spellcasting
  2939 | D:3      | Reached skill level 1 in Fire Magic
  3020 | D:3      | Reached XP level 5. HP: 22/29 MP: 7/15
  3552 | D:4      | Noticed a water moccasin
  3668 | D:4      | Found a white marble altar of Elyvilon.
  3883 | D:4      | Reached skill level 1 in Air Magic
  4091 | D:4      | Reached XP level 6. HP: 10/34 MP: 3/17
  4171 | D:4      | Killed a water moccasin
  4172 | D:4      | Reached skill level 7 in Spellcasting
  4702 | D:4      | Found a staircase to the Ecumenical Temple.
  4708 | Temple   | Entered the Ecumenical Temple
  4723 | Temple   | Became a worshipper of Vehumet
  4836 | D:4      | Reached skill level 1 in Evocations
  4836 | D:4      | Reached XP level 7. HP: 38/38 MP: 14/20
  4875 | D:4      | Found a shadowy altar of Dithmenos.
  4882 | D:4      | Found a shimmering blue altar of Sif Muna.
  5039 | D:5      | Entered Level 5 of the Dungeon
  5201 | D:5      | Reached skill level 8 in Spellcasting
  5201 | D:5      | Reached skill level 1 in Poison Magic
  5699 | D:5      | Noticed Duvessa
  5705 | D:5      | Noticed Dowan
  5721 | D:5      | Killed Dowan
  5722 | D:5      | Killed Duvessa
  5723 | D:5      | Reached skill level 9 in Spellcasting
  5723 | D:5      | Reached XP level 8. HP: 33/44 MP: 16/23
  6134 | D:5      | Identified the ring of Cilyrav {Wiz rC+}
  6259 | D:5      | Found an ornate altar of the Wu Jian Council.
  6330 | D:5      | Got the Handbook of Moulding
  6578 | D:6      | Reached * piety under Vehumet
  6578 | D:6      | Offered knowledge of Sandblast by Vehumet.
  6790 | D:6      | Reached skill level 5 in Conjurations
  7124 | D:5      | Reached skill level 10 in Spellcasting
  7597 | D:6      | HP: 2/44 [poisoned by an adder]
  7977 | D:6      | Reached XP level 9. HP: 48/48 MP: 25/25
  8293 | D:6      | Slain by a vampire

Illustrated notes

Levels and vault maps discovered:
D:1:      roderic_dead_forest, layout_loops_ring
D:2:      layout_loops_ring, chequers_serial_rivers_large_a,
          grunt_decor_mini_mirrors
D:3:      layout_basic
D:4:      layout_loops_ring, mainiacjoe_overflow_paths,
          mainiacjoe_overflow_big_doors, minmay_temple_entry_tees
D:5:      layout_cave_pools, nicolae_wu_jian_wuxing_cycle, uniq_duvessa
D:6:      layout_basic, serial_bayou, serial_bayou_lagoon_a,
          serial_bayou_pond_b, serial_bayou_ford_a, serial_bayou_pond_e,
          hangedman_decor_growths, grunt_tough_drop
Temple:   eino_narrow_crystal_temple

Skill      XL: |  1  2  3  4  5  6  7  8  9 |
---------------+----------------------------+-----
Spellcasting   | 5 6 7 9 10 | 10.9
Fighting       | 1 2 |  2.0
Armour         | 1 2 3 |  3.0
Conjurations   | 2 3 4 5 |  5.8
Fire Magic     | 1 2 4 |  4.2
Dodging        | 3 |  3.1
Air Magic      | 1 2 |  2.1
Stealth        | 3 |  3.2
Evocations     | 1 |  1.1
Poison Magic   | 1 |  1.1
Summonings     | |  1.1
Translocations | |  1.1

Action                   |  1- 3 |  4- 6 |  7- 9 || total
-------------------------+-------+-------+-------++-------
Melee: Dagger            |     1 |       |       ||     1
       Whip              |    16 |    12 |    43 ||    71
       Spear             |       |       |   100 ||   100
       Punch             |       |       |     2 ||     2
 Fire: Shortbow          |       |       |    65 ||    65
 Cast: Magic Dart        |    83 |   119 |   118 ||   320
       Mephitic Cloud    |     1 |     5 |    21 ||    27
       Call Imp          |       |     1 |     2 ||     3
       Conjure Flame     |       |     3 |    12 ||    15
       Blink             |       |       |     1 ||     1
  Use: Potion            |       |       |     1 ||     1
 Stab: Confused          |     1 |       |    10 ||    11
       Distracted        |       |       |     1 ||     1
       Sleeping          |       |       |     1 ||     1
Armor: Robe              |     4 |       |       ||     4
       Leather armour    |     5 |     3 |    31 ||    39
Dodge: Dodged            |    11 |    18 |    69 ||    98
Block: Other             |       |       |    15 ||    15

Table legend: (Time is in decaauts)
 A = Elapsed time spent in this place.
 B = Non-inter-level travel time spent in this place.
 C = Inter-level travel time spent in this place.
 D = Time resting spent in this place.
 E = Time spent auto-exploring this place.
 F = Levels seen in this place.
 G = Mean time per level.
                   A        B        C        D        E       F      G
               +--------+--------+--------+--------+--------+-----+--------+
         Total |   8356 |   8165 |    191 |    767 |   6105 |   7 | 1193.7 |
       Dungeon |   8325 |   8148 |    177 |    767 |   6099 |   6 | 1387.5 |
        Temple |     30 |     16 |     14 |      0 |      6 |   1 |   30.0 |
               +--------+--------+--------+--------+--------+-----+--------+

Top non-repeatable levels by time:
     D:4: 1633 daAuts
     D:6: 1596 daAuts
     D:5: 1490 daAuts
     D:3: 1318 daAuts
     D:2: 1219 daAuts
     D:1: 1067 daAuts
  Temple: 30 daAuts
